[Event "Titled Tuesday Blitz May 9 Early 2023"]
[White "Domingo Nunez, Ruben"]
[Black "Kramnik, Vladimir"]
[WhiteFideId "22245570"]
[BlackFideId "4101588"]
[WhiteElo "2404"]
[BlackElo "2703"]
[Result "0-1"]
[Round "11"]
[TimeControl "180+2"]
[Date "2023.05.09"]
[WhiteClock "0:00:00"]
[BlackClock "0:00:21"]

1. b3 e5 2. Bb2 Nc6 3. e3 Nf6 4. Bb5 Bd6 5. Nf3 e4 6. Bxc6 dxc6 7. Ne5 O-O 8. d3 exd3 9. Qxd3 Qe7 10. Nf3 Rd8 11. Qe2 Ne4 12. Nbd2 Bb4 13. O-O-O Nc3 14. Bxc3 Bxc3 15. Nb1 Rxd1+ 16. Rxd1 Bf6 17. Qd3 a5 18. a4 g6 19. Nd4 Bg4 20. f3 Bd7 21. Ne2 Rd8 22. e4 Qe5 23. Nbc3 Qxh2 24. Qe3 Qxg2 25. Rg1 Qh2 26. f4 Bc8 27. e5 Bg7 28. Ne4 Bf5 29. N2g3 Bxe4 30. Nxe4 Qh4 31. Ng5 Re8 32. Qf3 h5 33. Rg4 Qxg4 0-1


[Site "https://www.chess.com"]

[Event "Titled Tuesday Blitz May 9 Early 2023"]
[White "Mitrabha, Guha"]
[Black "Hasangatin, Ramil"]
[WhiteFideId "5057000"]
[BlackFideId "4122160"]
[WhiteElo "2507"]
[BlackElo "2279"]
[Result "1/2-1/2"]
[Round "11"]
[TimeControl "180+2"]
[Date "2023.05.09"]
[WhiteClock "0:00:56"]
[BlackClock "0:00:09"]

1. Nf3 d6 2. d4 Bg4 3. c4 Bxf3 4. exf3 c6 5. Nc3 g6 6. g3 Bg7 7. Bg2 Nf6 8. f4 O-O 9. O-O e6 10. d5 exd5 11. cxd5 cxd5 12. Nxd5 Nc6 13. Be3 Nxd5 14. Qxd5 Qc7 15. Rab1 Rfd8 16. h4 Qa5 17. Qb3 Nd4 18. Qxb7 Nf5 19. Qf3 Qxa2 20. b4 Nxe3 21. Qxe3 Rab8 22. b5 d5 23. h5 d4 24. Qd3 Qe6 25. Rfe1 Qf6 26. hxg6 hxg6 27. Bf3 Re8 28. Rec1 Re7 29. Rc6 Qf5 30. Qxf5 gxf5 31. Rc5 Rd8 32. Rxf5 Red7 33. Rd1 d3 34. Kg2 d2 35. Rc5 Bd4 36. Rg5+ Bg7 37. Rc5 Bd4 38. Rc2 Bb6 39. Be4 Kg7 40. Kf3 Kf6 41. Ke2 Rd4 42. f3 Ba5 43. g4 Kg7 44. Rc5 Re8 45. Rg5+ Kf6 46. Rf5+ Kg7 47. Kf2 Bb6 48. Kg3 Rc8 49. Rg5+ Kf6 50. Rh5 Rc1 51. g5+ Ke7 52. Rhh1 Rxd1 53. Rxd1 Ba5 54. Kf2 Rb4 55. f5 Rxb5 56. f4 Rc5 57. f6+ Ke8 58. Bf3 Rc1 59. Ke3 Rxd1 60. Bxd1 Kf8 61. Ke4 Bc7 62. Bb3 Bb6 63. Ba4 Ba5 64. Kf3 Bc3 65. Kg4 Bd4 66. Kg3 Bc3 67. Bb3 Bd4 68. Kf3 Bc3 69. Ke4 Bb4 70. Kd4 Ba5 71. f5 Bd8 72. Kd3 Ba5 73. g6 Bd8 74. Kxd2 Bxf6 75. Bxf7 Kg7 76. Be6 Be5 77. Kd3 Bf6 78. Kc4 Bb2 79. Kb5 Bf6 80. Ka6 Be5 81. Kxa7 Bf6 82. Kb6 Be5 83. Kc5 Bf6 84. Kc4 Bb2 85. Kd5 Bf6 86. Kc4 Bb2 87. Kd5 Bf6 88. Kc4 1/2-1/2


[Site "https://www.chess.com"]

[Event "Titled Tuesday Blitz May 9 Early 2023"]
[White "Molina, Roberto Junio Brito"]
[Black "Kollars, Dmitrij"]
[WhiteFideId "2109450"]
[BlackFideId "12909572"]
[WhiteElo "2376"]
[BlackElo "2584"]
[Result "0-1"]
[Round "11"]
[TimeControl "180+2"]
[Date "2023.05.09"]
[WhiteClock "0:00:00"]
[BlackClock "0:00:11"]

1. d4 Nf6 2. Nf3 d5 3. e3 c5 4. c3 Nc6 5. Nbd2 cxd4 6. exd4 Qc7 7. Bd3 Bg4 8. O-O e6 9. Qe1 Bd6 10. h3 Bh5 11. a4 Bg6 12. Qe2 a6 13. Re1 Bxd3 14. Qxd3 O-O 15. Nb3 Ne4 16. Be3 f5 17. a5 h6 18. Re2 g5 19. Ne1 Rae8 20. Bd2 h5 21. Nc2 g4 22. h4 g3 23. f3 Qe7 24. Kf1 Qxh4 25. Qe3 e5 26. Qg1 Nf2 27. dxe5 Nxe5 28. Ncd4 Qf6 29. Be3 Nfd3 30. Rd1 f4 31. Bc1 Nf2 32. Rxf2 gxf2 33. Qxf2 Nc4 34. Ne2 Qf5 35. Qd4 Re6 36. Qxd5 Qxd5 37. Rxd5 Rfe8 38. Nbd4 Re5 39. Rxe5 Bxe5 40. b3 Nxa5 41. Bxf4 Nc6 42. Nf5 Bxf4 43. Nxf4 Re5 44. Nd6 b5 45. Kf2 a5 46. c4 b4 47. Nd3 Re6 48. Nb7 Re7 49. Ndc5 a4 50. Nd6 a3 51. Nf5 a2 52. Nxe7+ Nxe7 0-1


[Site "https://www.chess.com"]

[Event "Titled Tuesday Blitz May 9 Early 2023"]
[White "Sarana, Alexey"]
[Black "Ohanyan, Emin"]
[WhiteFideId "24133795"]
[BlackFideId "13312022"]
[WhiteElo "2714"]
[BlackElo "2411"]
[Result "1-0"]
[Round "11"]
[TimeControl "180+2"]
[Date "2023.05.09"]
[WhiteClock "0:02:15"]
[BlackClock "0:01:16"]

1. d4 Nf6 2. c4 e6 3. Nc3 Bb4 4. e3 O-O 5. Bd3 d5 6. a3 Be7 7. Nf3 dxc4 8. Bxc4 c5 9. O-O Nc6 10. dxc5 Bxc5 11. b4 Be7 12. e4 Qc7 13. Qe2 a6 14. e5 Nd7 15. Bf4 b5 16. Bd3 Bb7 17. Rac1 Qb6 18. Ne4 h6 19. Rfd1 Rfc8 20. Bb1 Nf8 21. Nd6 Rc7 22. Be3 1-0


[Site "https://www.chess.com"]

[Event "Titled Tuesday Blitz May 9 Early 2023"]
[White "Peng, Li Min"]
[Black "Nguyen, Ngoc Truong Son"]
[WhiteFideId "14112620"]
[BlackFideId "12401110"]
[WhiteElo "2436"]
[BlackElo "2556"]
[Result "1-0"]
[Round "11"]
[TimeControl "180+2"]
[Date "2023.05.09"]
[WhiteClock "0:00:41"]
[BlackClock "0:00:05"]

1. e4 c5 2. Nf3 Nc6 3. Bc4 e6 4. O-O d5 5. Bb5 dxe4 6. Ne5 Bd7 7. Bxc6 Bxc6 8. Nxc6 bxc6 9. Nc3 f5 10. f3 exf3 11. Qxf3 Qd7 12. d3 Nf6 13. Bg5 Be7 14. Rae1 O-O 15. Kh1 Rae8 16. Bxf6 Bxf6 17. Na4 Qd5 18. b3 Qxf3 19. gxf3 Kf7 20. f4 Be7 21. Kg2 Bd6 22. Kf3 h6 23. h4 g6 24. Re2 Rg8 25. Rg1 e5 26. fxe5 Rxe5 27. Rxe5 Bxe5 28. Re1 Bd6 29. Nb2 g5 30. Nc4 g4+ 31. Kf2 Bc7 32. Ne5+ Bxe5 33. Rxe5 Kg6 34. Kg3 Rf8 35. Kf4 Kh5 36. Kg3 Rf6 37. Rxc5 Kg6 38. Re5 h5 39. Kf4 Rd6 40. a4 Rd4+ 41. Ke3 Rb4 42. Re6+ Kf7 43. Rh6 g3 44. Rxh5 Rg4 45. Rxf5+ Ke6 46. Rg5 Rxh4 47. Rxg3 a5 48. Rg5 1-0


[Site "https://www.chess.com"]

[Event "Titled Tuesday Blitz May 9 Early 2023"]
[White "Morefield, Jason"]
[Black "Demchenko, Anton"]
[WhiteFideId "30920825"]
[BlackFideId "4160258"]
[WhiteElo "2171"]
[BlackElo "2545"]
[Result "0-1"]
[Round "11"]
[TimeControl "180+2"]
[Date "2023.05.09"]
[WhiteClock "0:00:02"]
[BlackClock "0:00:06"]

1. e4 e5 2. Nf3 Nc6 3. Bb5 a6 4. Ba4 Nge7 5. O-O Ng6 6. Nc3 Bc5 7. d3 d6 8. Bxc6+ bxc6 9. Be3 Bxe3 10. fxe3 O-O 11. Qd2 Rb8 12. b3 f5 13. exf5 Bxf5 14. e4 Bg4 15. Qe3 Bxf3 16. Rxf3 Rxf3 17. Qxf3 Qg5 18. Rd1 Rf8 19. Qg3 Qf6 20. Ne2 h5 21. h3 Kh7 22. a4 c5 23. Qe1 h4 24. Nc3 c6 25. Rd2 Qg5 26. Rf2 Nf4 27. Kh1 Qg3 28. Qf1 g5 29. Rf3 Kg7 30. Rxg3 hxg3 31. Qf3 Nh5 32. Qd1 Rf2 33. Kg1 Nf4 34. Qe1 Rxg2+ 35. Kh1 Rh2+ 36. Kg1 Nxh3+ 37. Kf1 g2+ 38. Ke2 g1=Q+ 0-1


[Site "https://www.chess.com"]

[Event "Titled Tuesday Blitz May 9 Early 2023"]
[White "Fernandez Guillen, Ernesto J."]
[Black "Costachi, Mihnea"]
[WhiteFideId "3512428"]
[BlackFideId "1217518"]
[WhiteElo "2429"]
[BlackElo "2456"]
[Result "0-1"]
[Round "11"]
[TimeControl "180+2"]
[Date "2023.05.09"]
[WhiteClock "0:00:07"]
[BlackClock "0:00:50"]

1. e4 e5 2. f4 Bc5 3. Nf3 d6 4. c3 Nf6 5. d4 exd4 6. cxd4 Bb6 7. Nc3 O-O 8. h3 Re8 9. e5 dxe5 10. dxe5 Qxd1+ 11. Nxd1 Ne4 12. g4 Ng3 13. Rh2 Nxf1 14. Kxf1 Nc6 15. Be3 Be6 16. Bxb6 axb6 17. Nc3 f6 18. exf6 gxf6 19. Rd2 Na5 20. Kf2 Nc4 21. Re2 Bf7 22. Rae1 Rxe2+ 23. Rxe2 Kf8 24. b3 Nd6 25. Nd4 Ra5 26. f5 Rc5 27. Ne4 Nxe4+ 28. Rxe4 Rc1 29. Re2 c6 30. Rc2 Rh1 31. Kg3 Bd5 32. Rf2 b5 33. h4 Rg1+ 34. Kf4 h6 35. Ne2 Rh1 36. Kg3 Kf7 37. Nc3 Rg1+ 38. Kf4 Bh1 39. Ne2 Ra1 40. Nd4 Bd5 41. g5 hxg5+ 42. hxg5 fxg5+ 43. Kxg5 Rg1+ 44. Kf4 Kf6 45. Rh2 Rf1+ 46. Ke3 Ke5 47. Re2 Rd1 48. Ne6 Bxe6 49. fxe6 Kxe6 50. Rc2 Kd5 51. Ke2 Rd4 52. Ke3 b4 53. Rh2 Rd1 54. Rh5+ Kd6 55. Rh7 b6 56. Rh4 Kc5 57. Rh5+ Rd5 58. Rh1 Kb5 59. Rc1 c5 60. Ke2 Rh5 61. Kd3 Rh2 62. Ra1 Kc6 63. Ke3 Kd5 64. Kd3 b5 65. Ke3 c4 66. bxc4+ bxc4 67. Rd1+ Kc5 68. Ra1 c3 69. Kd3 Rd2+ 70. Ke3 Kc4 71. Ke4 Re2+ 72. Kf3 Kd3 73. Rd1+ Rd2 74. Rb1 c2 75. Rxb4 c1=Q 0-1


[Site "https://www.chess.com"]

[Event "Titled Tuesday Blitz May 9 Early 2023"]
[White "Orozbaev, Eldiar"]
[Black "Ibarra Jerez, Jose Carlos"]
[WhiteFideId "13802240"]
[BlackFideId "2226332"]
[WhiteElo "2201"]
[BlackElo "2638"]
[Result "0-1"]
[Round "11"]
[TimeControl "180+2"]
[Date "2023.05.09"]
[WhiteClock "0:01:42"]
[BlackClock "0:01:15"]

1. e4 c5 2. c3 Nf6 3. e5 Nd5 4. d4 cxd4 5. cxd4 d6 6. Nf3 Nc6 7. Nc3 dxe5 8. Nxe5 e6 9. Bd3 Bd6 10. Nxc6 bxc6 11. O-O O-O 12. Ne4 Be7 13. a3 a5 14. Qc2 Qb6 15. Nc5 g6 16. Bh6 Rd8 17. Rfd1 Rb8 18. Rab1 Bf6 19. Be4 Ba6 20. Rbc1 Bb7 21. Nxe6 fxe6 22. Bxg6 Qc7 23. Be4 Kh8 24. Rd3 Rd7 25. Rh3 Rg8 26. Bxd5 Rxd5 27. Qe4 Qd7 28. Bf4 c5 0-1


[Site "https://www.chess.com"]

[Event "Titled Tuesday Blitz May 9 Early 2023"]
[White "Quesada Perez, Yuniesky"]
[Black "Kvaloy, Aksel Bu"]
[WhiteFideId "3504409"]
[BlackFideId "1528815"]
[WhiteElo "2585"]
[BlackElo "2242"]
[Result "1-0"]
[Round "11"]
[TimeControl "180+2"]
[Date "2023.05.09"]
[WhiteClock "0:00:06"]
[BlackClock "0:00:00"]

1. e4 e5 2. Nf3 Nf6 3. d3 Nc6 4. Be2 d5 5. Nbd2 Bc5 6. O-O O-O 7. c3 a5 8. b3 Re8 9. Bb2 h6 10. a3 b5 11. b4 axb4 12. axb4 Ba7 13. Qc2 Be6 14. Rad1 d4 15. cxd4 Nxb4 16. Qc3 Na2 17. Qc6 exd4 18. e5 Nd5 19. g3 Nac3 20. Rde1 Bh3 21. Ne4 Nxe2+ 22. Rxe2 Bxf1 23. Kxf1 Nc3 24. Nxc3 dxc3 25. Qxc3 Qd5 26. Re4 Re6 27. Rf4 c6 28. h4 Rd8 29. d4 c5 30. dxc5 Bxc5 31. Kg2 b4 32. Qc2 Rc6 33. Qf5 Qe6 34. Qe4 Be7 35. Nd4 Rxd4 36. Bxd4 b3 37. Rf3 Qc4 38. Rc3 Qxc3 39. Bxc3 Rxc3 40. Qa8+ Bf8 41. Qb7 Rc5 42. e6 fxe6 43. Qxb3 Rd5 44. Qb7 Rf5 45. g4 Rd5 46. h5 Bd6 47. Qd7 Rd2 48. Qxe6+ Kh8 49. Qe8+ Kh7 50. Qe4+ Kh8 51. Kf1 Bc5 52. f4 Bd4 53. g5 hxg5 54. fxg5 Bc3 55. g6 Rd8 56. Kg2 Bf6 57. Qe6 Rf8 58. Qd7 Rd8 59. Qf7 Rd2+ 60. Kf3 Rd8 61. h6 Ra8 62. Qd7 Ra3+ 63. Ke2 Ra8 64. hxg7+ Bxg7 65. Qh3+ Kg8 66. Qe6+ Kh8 67. Qh3+ Kg8 68. Qh7+ Kf8 69. Qh5 Re8+ 70. Kf3 Re5 71. Qg4 Re8 72. Qf5+ Kg8 73. Qf7+ 1-0


[Site "https://www.chess.com"]

[Event "Titled Tuesday Blitz May 9 Early 2023"]
[White "Cherniaiev, Tykhon"]
[Black "Galchenko, Matvey"]
[WhiteFideId "14182360"]
[BlackFideId "24175480"]
[WhiteElo "2450"]
[BlackElo "2423"]
[Result "0-1"]
[Round "11"]
[TimeControl "180+2"]
[Date "2023.05.09"]
[WhiteClock "0:00:13"]
[BlackClock "0:01:22"]

1. Nf3 c5 2. c4 g6 3. Nc3 Bg7 4. g3 Nc6 5. Bg2 d6 6. O-O e6 7. d4 cxd4 8. Nb5 e5 9. e3 a6 10. Na3 dxe3 11. Bxe3 Nge7 12. Qd2 Nf5 13. Bg5 f6 14. Be3 Be6 15. Rad1 O-O 16. Bh3 Rf7 17. Nh4 Nxh4 18. gxh4 Bxh3 19. Rfe1 Bg4 20. Rc1 e4 21. Qd5 Ne5 22. Kh1 Bf3+ 23. Kg1 Qd7 24. Qxe4 Bxe4 25. Bf4 Nf3+ 26. Kf1 Qh3+ 27. Ke2 Nxe1 28. Kxe1 Re8 29. Be3 Qg2 30. Kd2 Bc6 31. Nc2 Rfe7 32. Bb6 Bh6+ 33. Ne3 Qxf2+ 34. Kc3 Rxe3+ 35. Bxe3 Qxe3+ 36. Kb4 Qxc1 37. b3 Bd2# 0-1


[Site "https://www.chess.com"]

[Event "Titled Tuesday Blitz May 9 Early 2023"]
[White "Martinez Ramirez, Lennis"]
[Black "Gharibyan, Mamikon"]
[WhiteFideId "3509079"]
[BlackFideId "13308300"]
[WhiteElo "2410"]
[BlackElo "2445"]
[Result "1/2-1/2"]
[Round "11"]
[TimeControl "180+2"]
[Date "2023.05.09"]
[WhiteClock "0:00:09"]
[BlackClock "0:00:04"]

1. c4 g6 2. Nc3 Bg7 3. g3 Nf6 4. Bg2 O-O 5. d4 d6 6. Nf3 Nbd7 7. e4 e5 8. d5 Nc5 9. Qc2 a5 10. O-O c6 11. Be3 Ng4 12. Bxc5 dxc5 13. Rad1 Qe7 14. d6 Qd8 15. Na4 b6 16. d7 Bxd7 17. h3 Nf6 18. Nxe5 Qc7 19. Nxd7 Nxd7 20. Rxd7 Qxd7 21. Nxb6 Qe7 22. Nxa8 Rxa8 23. Qa4 Bxb2 24. Qxc6 Rd8 25. f4 Rd2 26. e5 Bd4+ 27. Kh2 Rxa2 28. Rb1 Rb2 29. Rxb2 Bxb2 30. Qa8+ Kg7 31. Qxa5 Bd4 32. h4 f6 33. exf6+ Kxf6 34. Qb6+ Kg7 35. Qc6 Bf2 36. Qf3 Qe3 37. Qg4 h5 38. Qg5 Bg1+ 39. Kh3 Qe6+ 40. f5 Qxf5+ 41. Qxf5 gxf5 42. Bc6 Be3 43. Kg2 Kh6 44. Kf3 Bd2 45. Bd7 Kg6 46. Be8+ Kh6 47. Bf7 f4 48. gxf4 Be1 49. Ke4 Bxh4 50. Kf5 Bf2 51. Kf6 h4 52. Bd5 Bd4+ 53. Ke6 h3 54. f5 Kg5 55. Bh1 h2 56. Bg2 Kf4 57. f6 Ke3 58. f7 Bg7 59. Kd5 Bf8 60. Bh1 Kd3 61. Bg2 Kc3 62. Be4 Kb3 63. Bh1 Kc3 64. Bg2 Kd3 65. Bh1 Ke3 66. Ke6 Kd4 67. Bd5 h1=Q 68. Bxh1 Kxc4 69. Kd7 Kd4 70. Ke8 Bh6 71. Ke7 c4 72. Bf3 c3 73. Bd1 Kd3 74. f8=Q Bxf8+ 75. Kxf8 Kd2 76. Bb3 c2 77. Bxc2 1/2-1/2


[Site "https://www.chess.com"]

[Event "Titled Tuesday Blitz May 9 Early 2023"]
[White "Simonian, Hrair"]
[Black "Rodshtein, Maxim"]
[WhiteFideId "13302337"]
[BlackFideId "2806851"]
[WhiteElo "2447"]
[BlackElo "2555"]
[Result "0-1"]
[Round "11"]
[TimeControl "180+2"]
[Date "2023.05.09"]
[WhiteClock "0:00:10"]
[BlackClock "0:00:12"]

1. e4 g6 2. d4 Bg7 3. Nc3 d6 4. Be3 a6 5. Qd2 b5 6. a3 Bb7 7. Be2 Nd7 8. h4 h6 9. g4 c5 10. d5 Ngf6 11. f3 Ne5 12. Nh3 h5 13. g5 Nfd7 14. f4 Ng4 15. Bxg4 hxg4 16. Nf2 g3 17. Ng4 Nb6 18. Qg2 Nc4 19. Bc1 Qa5 20. Rb1 Bxc3+ 21. bxc3 Qxc3+ 22. Kf1 Bc8 23. Nh6 Ne3+ 24. Bxe3 Qxe3 25. Qe2 Qxf4+ 26. Kg2 f6 27. Rbf1 Qe5 28. Qf3 Bd7 29. Re1 Rf8 30. Qxg3 Qb2 31. Re2 fxg5 32. Qxg5 O-O-O 33. e5 dxe5 34. Qxe7 Qd4 35. Nf7 Qg4+ 36. Kf1 Rxf7+ 37. Qxf7 Bf5 38. Ke1 Qg3+ 39. Kd2 Qf4+ 40. Kc3 Qd4+ 41. Kb3 Qc4+ 42. Kb2 Qxe2 43. Rc1 Qc4 44. Qa7 Qxd5 45. Qxa6+ Qb7 46. Qf6 e4 47. h5 b4 48. h6 bxa3+ 49. Ka1 Qb2+ 50. Qxb2 axb2+ 51. Kxb2 Rh8 52. Rh1 Kc7 53. c3 Kd6 54. Kc2 Ke5 55. Kd2 c4 56. Ke3 Kf6 57. Kf4 g5+ 58. Ke3 Kg6 0-1


[Site "https://www.chess.com"]

[Event "Titled Tuesday Blitz May 9 Early 2023"]
[White "Girya, Olga"]
[Black "Mekhitarian, Krikor Sevag"]
[WhiteFideId "4195752"]
[BlackFideId "2107660"]
[WhiteElo "2263"]
[BlackElo "2604"]
[Result "0-1"]
[Round "11"]
[TimeControl "180+2"]
[Date "2023.05.09"]
[WhiteClock "0:00:06"]
[BlackClock "0:00:11"]

1. d4 Nf6 2. Nf3 g6 3. Bg5 Bg7 4. Nbd2 O-O 5. c3 d5 6. e3 Nbd7 7. Be2 Re8 8. O-O c6 9. c4 e6 10. Ne5 h6 11. Bh4 Qe7 12. Qb3 Qf8 13. Nxd7 Nxd7 14. Bg3 Qe7 15. Rac1 Nf6 16. c5 Nd7 17. Bd6 Qd8 18. f4 Nf6 19. Bd3 Qd7 20. Nf3 Ne4 21. Bxe4 dxe4 22. Ne5 Qd8 23. Qc2 Qf6 24. Qxe4 Qf5 25. Qf3 Kh7 26. e4 Qf6 27. Rcd1 Kg8 28. Ng4 Qd8 29. e5 b6 30. Qxc6 Ba6 31. Rf2 Rc8 32. Qa4 Bb7 33. Qxa7 Bd5 34. Qxb6 Qd7 35. Nf6+ Bxf6 36. exf6 Ra8 37. a3 Rec8 38. Qb4 Bb7 39. Qd2 Kh7 40. h4 Qc6 41. Re1 Rd8 42. Re5 Qb5 43. h5 Rg8 44. hxg6+ Rxg6 45. f5 exf5 46. Rexf5 Rag8 47. Rh5 Rxg2+ 48. Rxg2 Rxg2+ 49. Qxg2 Bxg2 50. Bf4 Qf1+ 51. Kh2 Qxf4+ 52. Kxg2 Qg4+ 53. Kf2 Qxh5 54. c6 Qf5+ 55. Ke3 Qe6+ 56. Kd3 Qxc6 57. a4 h5 0-1


[Site "https://www.chess.com"]

[Event "Titled Tuesday Blitz May 9 Early 2023"]
[White "Seemann, Jakub"]
[Black "Andreikin, Dmitry"]
[WhiteFideId "21874697"]
[BlackFideId "4158814"]
[WhiteElo "2364"]
[BlackElo "2736"]
[Result "0-1"]
[Round "11"]
[TimeControl "180+2"]
[Date "2023.05.09"]
[WhiteClock "0:00:18"]
[BlackClock "0:00:41"]

1. d4 Nf6 2. c4 c5 3. d5 b5 4. cxb5 a6 5. bxa6 Bxa6 6. Nc3 g6 7. e4 Bxf1 8. Kxf1 d6 9. g3 Bg7 10. Kg2 O-O 11. Nf3 Nbd7 12. Re1 Ng4 13. Bf4 Qb6 14. Qc2 Rfb8 15. Rab1 Nge5 16. Nxe5 Nxe5 17. Bxe5 Bxe5 18. Na4 Qb4 19. b3 Qa3 20. Rec1 Rb4 21. Qe2 Rab8 22. h4 h5 23. f4 Bd4 24. Kh3 c4 25. Rxc4 Rxc4 26. Qxc4 Qxa2 27. Qd3 Rc8 28. Rh1 Bg7 29. Rh2 Qa1 30. e5 dxe5 31. f5 e4 32. Qe2 gxf5 33. Qxh5 Qf1+ 34. Rg2 Rc2 0-1


[Site "https://www.chess.com"]

[Event "Titled Tuesday Blitz May 9 Early 2023"]
[White "Mitusov, Semen"]
[Black "Pranav, V"]
[WhiteFideId "14151049"]
[BlackFideId "25060783"]
[WhiteElo "2389"]
[BlackElo "2515"]
[Result "0-1"]
[Round "11"]
[TimeControl "180+2"]
[Date "2023.05.09"]
[WhiteClock "0:00:37"]
[BlackClock "0:01:45"]

1. e4 e5 2. Nf3 Nc6 3. Bc4 Nf6 4. d3 h6 5. c3 d6 6. O-O g5 7. Nbd2 Rg8 8. b4 g4 9. Ne1 Nh5 10. b5 Na5 11. Qa4 Nxc4 12. Nxc4 Bd7 13. Qb3 Be6 14. d4 Qf6 15. d5 Bd7 16. a4 Qg6 17. Qc2 f5 18. exf5 Bxf5 19. Qe2 Be7 20. a5 Be4 21. Ne3 Nf4 22. Qc4 Bd8 23. Bd2 h5 24. Nd1 Bxd5 25. Qa4 Ne2+ 26. Kh1 h4 27. Ne3 Be4 28. Qd1 Nf4 29. f3 gxf3 30. gxf3 Nh3 31. N1g2 Bd3 32. f4 Be4 33. Qe2 Nxf4 34. Rxf4 exf4 35. Ng4 f3 0-1


[Site "https://www.chess.com"]

[Event "Titled Tuesday Blitz May 9 Early 2023"]
[White "Adhiban, B."]
[Black "Matinian, Nikita"]
[WhiteFideId "5018471"]
[BlackFideId "24129100"]
[WhiteElo "2587"]
[BlackElo "2422"]
[Result "1-0"]
[Round "11"]
[TimeControl "180+2"]
[Date "2023.05.09"]
[WhiteClock "0:01:01"]
[BlackClock "0:00:03"]

1. d4 d6 2. e4 g6 3. Nc3 Bg7 4. h4 h5 5. Nf3 Bg4 6. Be2 Nc6 7. Be3 e5 8. dxe5 Bxf3 9. gxf3 Bxe5 10. Qd2 Nge7 11. O-O-O Qd7 12. f4 Bg7 13. Rhg1 Nb4 14. Bd4 f6 15. f5 Bh6 16. f4 O-O-O 17. Bxf6 Rhg8 18. Bc4 d5 19. Bb3 gxf5 20. e5 Rg4 21. Ne2 Nbc6 22. Kb1 Rdg8 23. a3 Rxg1 24. Rxg1 Rg4 25. Rf1 b6 26. Qd3 Kb7 27. Rd1 Rg2 28. Qf3 Rg4 29. Ba4 a6 30. Bxe7 b5 31. Bb3 Qxe7 32. Bxd5 Qe8 33. Nd4 Rxf4 34. Bxc6+ Kb6 35. Bxe8 1-0


[Site "https://www.chess.com"]

[Event "Titled Tuesday Blitz May 9 Early 2023"]
[White "SashaKuzhilniy"]
[Black "Salinas Herrera, Pablo"]
[BlackFideId "3407128"]
[WhiteElo "2592"]
[BlackElo "2546"]
[Result "0-1"]
[Round "11"]
[TimeControl "180+2"]
[Date "2023.05.09"]
[WhiteClock "0:00:14"]
[BlackClock "0:00:04"]

1. b3 d5 2. Bb2 Bf5 3. d3 e6 4. Nd2 h6 5. g3 Bh7 6. Bg2 Nf6 7. Ngf3 Be7 8. O-O O-O 9. Ne5 Nbd7 10. Nxd7 Nxd7 11. e4 c6 12. Qe2 a5 13. a4 Bf6 14. Bxf6 Qxf6 15. Rfe1 Qc3 16. Nf3 dxe4 17. dxe4 Nc5 18. Nd2 Rad8 19. Nc4 Rd4 20. f3 Rfd8 21. Rec1 b5 22. axb5 cxb5 23. Nxa5 Rd2 24. Qe1 f5 25. exf5 Rxg2+ 26. Kxg2 Rd2+ 27. Kg1 Bxf5 28. g4 Qd4+ 29. Kf1 Rxh2 30. gxf5 Rh1+ 31. Kg2 Rxe1 32. Rxe1 exf5 33. Nc6 Qd2+ 34. Kg3 f4+ 35. Kg4 Qxc2 36. Ne7+ Kh7 37. Nf5 Qg2+ 38. Kxf4 Nd3+ 39. Ke4 Nxe1 40. Rxe1 Qc2+ 41. Kf4 Qxb3 42. Re7 Qc4+ 43. Ke5 Qc3+ 44. Kf4 b4 45. Re3 Qf6 46. Ke4 b3 47. Nd4 b2 48. Rb3 Qg6+ 49. Nf5 Qe6+ 50. Kf4 Qxb3 51. Ne3 b1=Q 52. Ng4 Qc1+ 53. Kg3 Qb8+ 54. Kg2 Qd2+ 55. Kh3 Qbf4 56. Nf6+ Kg6 57. Ne4 Qdh2# 0-1


[Site "https://www.chess.com"]

[Event "Titled Tuesday Blitz May 9 Early 2023"]
[White "Degenbaev, Aziz"]
[Black "Yuan, Qingyu"]
[WhiteFideId "13802640"]
[BlackFideId "8609772"]
[WhiteElo "2152"]
[BlackElo "2359"]
[Result "0-1"]
[Round "11"]
[TimeControl "180+2"]
[Date "2023.05.09"]
[WhiteClock "0:00:03"]
[BlackClock "0:00:17"]

1. e4 c5 2. Nf3 d6 3. d4 cxd4 4. Nxd4 Nf6 5. Nc3 a6 6. h3 e5 7. Nde2 h5 8. g3 b5 9. Bg2 Bb7 10. O-O Nbd7 11. Bg5 Be7 12. f4 b4 13. Na4 Nxe4 14. Bxe7 Qxe7 15. fxe5 Qxe5 16. Nf4 O-O 17. Qxh5 Bc6 18. Qxe5 Nxe5 19. Nb6 Rab8 20. Nbd5 Bxd5 21. Nxd5 Nxg3 22. Rfd1 Rfd8 23. Kf2 Nf5 24. Be4 Nh6 25. Rd4 a5 26. Rg1 Kf8 27. Ne3 g6 28. b3 Rb5 29. Ke2 Ng8 30. Rf1 Ne7 31. Rf6 Nc8 32. Nd5 Rc5 33. Kd2 Ne7 34. Nf4 Nc8 35. Ne6+ Ke7 36. Nxc5 Kxf6 37. Nb7 Rh8 38. Nxa5 Rxh3 39. Rxb4 Rh4 40. Kc1 g5 41. Rb8 Rxe4 42. Rxc8 Kg7 43. Nc4 g4 44. Nxe5 Rxe5 45. Rc3 f5 46. Rg3 Kg6 47. a4 Kg5 48. b4 f4 49. Rg1 f3 50. a5 f2 51. Rf1 Re1+ 52. Kd2 Rxf1 53. a6 Ra1 0-1


[Site "https://www.chess.com"]

[Event "Titled Tuesday Blitz May 9 Early 2023"]
[White "feuervogel1000000"]
[Black "Prohaszka, Peter"]
[BlackFideId "726265"]
[WhiteElo "2488"]
[BlackElo "2626"]
[Result "1-0"]
[Round "11"]
[TimeControl "180+2"]
[Date "2023.05.09"]
[WhiteClock "0:00:10"]
[BlackClock "0:00:06"]

1. d4 d5 2. c4 e5 3. dxe5 Ne7 4. cxd5 Qxd5 5. Qxd5 Nxd5 6. a3 Nc6 7. Nf3 Bg4 8. Nc3 Nxc3 9. bxc3 Bxf3 10. gxf3 Nxe5 11. f4 Nc4 12. e3 Nd6 13. Bd3 g6 14. c4 Bg7 15. Rb1 c5 16. f3 O-O-O 17. Be2 Nf5 18. Kf2 Bf6 19. Rb3 Rhe8 20. Bd3 Bh4+ 21. Kg2 Kc7 22. Be4 b6 23. Bd5 Re7 24. a4 Rde8 25. e4 Nd4 26. Rd3 a5 27. Be3 Nc2 28. Bd2 Nb4 29. Rb3 Bf6 30. h4 Bd4 31. h5 Rg8 32. hxg6 Rxg6+ 33. Kf1 f5 34. exf5 Rf6 35. Be4 h6 36. Be1 Ref7 37. Rh5 Rd6 38. Rb1 Bg7 39. Ke2 Re7 40. Bh4 Re8 41. Rg1 Bd4 42. Rg6 Rh8 43. f6 Rf8 44. Rhxh6 Nc6 45. Rg7+ Rd7 46. Rhh7 Nb8 47. Bf5 Bxf6 48. Rxd7+ Nxd7 49. Rxd7+ Kc6 50. Bxf6 Rxf6 51. Rd5 b5 52. Be4 Kb6 53. axb5 Re6 54. Rd7 Re7 55. Rxe7 a4 56. Rb7+ Ka5 57. Ra7+ Kb4 58. Rxa4+ Kc3 59. b6 Kd4 60. b7 Kc3 61. f5 Kd4 62. b8=Q Kc3 63. Ra3+ Kd4 64. Rd3+ Kxc4 65. Qb3# 1-0


[Site "https://www.chess.com"]

[Event "Titled Tuesday Blitz May 9 Early 2023"]
[White "Goltsev, Dmitry"]
[Black "Pinto, Daniel"]
[WhiteFideId "24176710"]
[BlackFideId "3303144"]
[WhiteElo "2356"]
[BlackElo "2145"]
[Result "1-0"]
[Round "11"]
[TimeControl "180+2"]
[Date "2023.05.09"]
[WhiteClock "0:00:13"]
[BlackClock "0:00:00"]

1. e4 c6 2. d4 d5 3. Nc3 dxe4 4. Nxe4 Bf5 5. Ng3 Bg6 6. Nh3 e6 7. Nf4 Bd6 8. c3 Qc7 9. Qf3 Nd7 10. h4 e5 11. dxe5 Nxe5 12. Qe2 Ne7 13. h5 Bf5 14. Be3 Bg4 15. f3 Nxf3+ 16. gxf3 Bxf4 17. O-O-O Be6 18. Ne4 Nd5 19. Bxf4 Qxf4+ 20. Kb1 O-O-O 21. Rg1 g6 22. Ka1 Rhe8 23. hxg6 hxg6 24. Qf2 Nxc3 25. Rxd8+ Rxd8 26. Nxc3 Rd1+ 27. Nb1 Qc1 28. Bd3 Rxg1 29. Qxa7 Bf5 30. Qa8+ Kc7 31. Qa5+ Kd7 32. Bxf5+ gxf5 33. Qxf5+ Ke7 34. Qe5+ Kd7 35. Qf5+ Kd6 36. Qf6+ Kc5 37. Qe7+ Kd4 38. Qe4+ Kc5 39. Qe5+ Kb6 40. Qe4 Qc5 41. Qf4 1-0


[Site "https://www.chess.com"]

[Event "Titled Tuesday Blitz May 9 Early 2023"]
[White "Gurevich, Dmitry"]
[Black "Averjanov, Alexey"]
[WhiteFideId "2000407"]
[BlackFideId "14109867"]
[WhiteElo "2506"]
[BlackElo "2718"]
[Result "1-0"]
[Round "11"]
[TimeControl "180+2"]
[Date "2023.05.09"]
[WhiteClock "0:00:46"]
[BlackClock "0:01:57"]

1. d4 d5 2. c4 dxc4 3. e3 Nf6 4. Bxc4 e6 5. Nf3 a6 6. Bb3 b5 7. a4 b4 8. Nbd2 Bb7 9. O-O Nbd7 10. Qe2 c5 11. e4 cxd4 12. e5 Nd5 13. Nc4 Be7 14. Nd6+ Bxd6 15. exd6 Qb6 16. Rd1 Qxd6 17. Rxd4 O-O 18. Bd2 a5 19. Rd1 N7f6 20. Rh4 Rfd8 21. Bg5 Ba6 22. Qe1 Qe7 23. Bxd5 Rac8 24. Bb3 h6 25. Be3 Rxd1 26. Qxd1 Bb7 27. Rd4 Ne4 28. Rd7 Qe8 29. Rxb7 Rd8 30. Qc1 Nd6 31. Rc7 Nf5 32. h3 g5 33. Ne5 f6 34. Ng4 Qf8 35. Bxe6+ 1-0


[Site "https://www.chess.com"]